 Dungeon Crawl Stone Soup version 0.18.1-6-gd335043 (webtiles) character file.

64 Esekla the Ducker (level 4, 0/26 HPs)
             Began as a Tengu Earth Elementalist on May 18, 2016.
             Slain by an orc
             ... wielding a +0 flail
              (6 damage)
             ... on level 3 of the Dungeon.
             The game lasted 00:31:08 (2224 turns).

Esekla the Ducker (Tengu Earth Elementalist)        Turns: 2224, Time: 00:31:09

Health: 0/26       AC:  3    Str:  8    XL:     4   Next: 12%
Magic:  6/8        EV: 13    Int: 16    God:
Gold:   124        SH:  0    Dex: 15    Spells: 2 memorised, 3 levels left

rFire  . . .     SeeInvis .     p - -3 short sword (curse)
rCold  . . .     Gourm    .     q - +0 leather armour {rN+}
rNeg   + . .     Faith    .     (no shield)
rPois  .         Spirit   .     (helmet restricted)
rElec  .         Dismiss  .     (no cloak)
rCorr  .         Reflect  .     (no gloves)
SustAt .         Harm     .     (boots unavailable)
MR     .....                    (no amulet)
Stlth  ++........               (no ring)
                                (no ring)

@: very slightly contaminated, not resistant to hostile enchantments, unstealthy
A: beak, talons 3
a: no special abilities


You were on level 3 of the Dungeon.
You were not hungry.

You visited 1 branch of the dungeon, and saw 3 of its levels.

You collected 124 gold pieces.

Inventory:

Hand Weapons
 f - a +0 spear
 g - a +1 hand axe
 m - a +0 hunting sling
 p - a cursed -3 short sword (weapon)
 w - a +0 dagger
 x - a +0 hunting sling
 y - a +0 spear
 A - a +0 hunting sling
Missiles
 b - 85 stones (quivered)
 h - 32 arrows
Armour
 a - a +0 robe
 l - a +0 leather armour
 q - a +0 leather armour of positive energy (worn)
 z - a +0 robe
Wands
 u - a wand of confusion (13/48)
Scrolls
 n - 2 scrolls of enchant weapon
 s - 3 scrolls of identify
Potions
 e - a potion of agility {unknown}
 i - a potion of cancellation {unknown}
 j - 3 potions of flight
 k - a potion of mutation {unknown}
 r - a potion of magic
 B - a potion of brilliance {unknown}
Books
 c - a book of Geomancy

   Spells                             Type                      Level
   a - Sandblast                      Earth                        1
   b - Passwall                       Transmutation/Earth          2
   c - Stone Arrow                    Conjuration/Earth            3
   d - Petrify                        Transmutation/Earth          4
   e - Lee's Rapid Deconstruction     Earth                        5
Comestibles
 d - 3 bread rations
 o - 2 slices of pizza
 v - 2 meat rations


   Skills:
 - Level 2.0 Fighting
 + Level 3.7 Dodging
 - Level 2.0 Stealth
 - Level 2.0 Spellcasting
 * Level 1.0 Conjurations
   Level 0.7 Transmutations
 - Level 2.1 Earth Magic


You had 3 spell levels left.
You knew the following spells:

 Your Spells              Type           Power        Failure   Level  Hunger
a - Sandblast             Erth           #.....       14%         1    #......
b - Stone Arrow           Conj/Erth      #.....       50%         3    ###....


Dungeon Overview and Level Annotations

Branches:
Dungeon (3/15)

Altars:
Dithmenos
Pakellas
Ru
Xom


Innate Abilities, Weirdness & Mutations

You have a beak for a mouth.
You have claws for feet.


Message History

You hit the orc but do no damage. The orc misses you.
You hit the orc but do no damage. You peck the orc, but do no damage.
The orc barely misses you.
You closely miss the orc. You claw the orc, but do no damage.
The orc hits you with a flail.
You barely miss the orc. Your peck misses the orc. You hit the orc.
You claw the orc, but do no damage.
The orc is heavily wounded.
The orc hits you with a flail.
You closely miss the orc. You claw the orc, but do no damage.
The orc is heavily wounded.
The orc barely misses you.
You closely miss the orc.
The orc is heavily wounded.
The orc hits you with a flail!
* * * LOW HITPOINT WARNING * * *
You completely miss the orc. You claw the orc.
The orc is heavily wounded.
The orc hits you with a flail.
You die...

.........#..####)####..# #.
............# #.......###+
...###.####.####...........
#+# #.....................
###########...........
####.# #...†.........##
#...^# #.####........#
#.##÷###.# #........#
#.#..o@#.# #........#
#####.######.####.....[..#
+................#########
#####.######.....# ...#
#.....# ...... #.....#
.)......# #.....# ....[....
.......#
..................#


You could see an orc.

Vanquished Creatures
  2 adders (D:2)
  A dart slug (D:1)
  5 orcs
  2 bats (D:1)
  2 giant cockroaches
  6 goblins
  3 hobgoblins
  4 jackals (D:1)
  2 kobolds (D:1)
  4 giant newts (D:2)
  6 rats
37 creatures vanquished.

Notes
Turn   | Place    | Note
--------------------------------------------------------------
     0 | D:1      | Esekla the Tengu Earth Elementalist began the quest for the Orb.
     0 | D:1      | Reached XP level 1. HP: 10/10 MP: 4/4
   290 | D:1      | Reached skill level 1 in Fighting
   292 | D:1      | Reached XP level 2. HP: 5/16 MP: 0/6
  1243 | D:2      | Reached XP level 3. HP: 15/21 MP: 7/7
  1381 | D:2      | Reached skill level 3 in Dodging
  1666 | D:2      | Found a shimmering altar of Xom.
  1814 | D:2      | Learned a level 3 spell: Stone Arrow
  1951 | D:2      | Found a shadowy altar of Dithmenos.
  1951 | D:2      | Found a sacrificial altar of Ru.
  2123 | D:3      | Reached XP level 4. HP: 24/26 MP: 3/8
  2158 | D:3      | Found an oddly glowing altar of Pakellas.
  2193 | D:3      | Reached skill level 1 in Conjurations
  2224 | D:3      | Slain by an orc

Skill      XL: |  1  2  3  4 |
---------------+-------------+-----
Fighting       | 1 2 |  2.0
Dodging        | 3 |  3.7
Conjurations   | 1 |  1.0
Stealth        | |  2.0
Spellcasting   | |  2.0
Transmutations | |  0.7
Earth Magic    | |  2.1

Action                   |  1- 3 |  4- 6 || total
-------------------------+-------+-------++-------
Melee: Hand axe          |    46 |       ||    46
       Peck              |    10 |     3 ||    13
       Kick              |     6 |     9 ||    15
       Unarmed           |     1 |       ||     1
       Short sword       |    19 |    29 ||    48
Throw: Stone             |    26 |       ||    26
 Cast: Sandblast         |    20 |     9 ||    29
  Use: Scroll            |     6 |       ||     6
       Potion            |       |     2 ||     2
 Stab: Sleeping          |     3 |       ||     3
  Eat: Beef jerky        |     1 |       ||     1
       Fruit             |     4 |       ||     4
Armor: Robe              |     7 |       ||     7
       Leather armour    |     3 |     4 ||     7
Dodge: Dodged            |    55 |    28 ||    83
